Map: Emerald City LE

Players

qqq - Winner!

  • Race: Zerg Zerg
  • Spawn Location: 11:00

Massa - Winner!

  • Race: Terran Terran
  • League: Platinum
  • Spawn Location: 11:00

KäseKurt

  • Race: Protoss Protoss
  • Spawn Location: 5:00

RsTich

  • Race: Zerg Zerg
  • League: Diamond
  • Spawn Location: 5:00

VOD

Have the link to the VOD?

Description

Time

  • Played on: Jan. 29, 2021, 9:45 a.m.
  • Length: 5:23
Show
View Real Time Build Order
Export as new Build Order

qqq Zerg - Winner!

Build Orders: Hatch First 

Get SALT Encoding   

  12  0:00  Drone  
  13  0:10  Drone  
  14  0:18  Overlord  
  14  0:47  Hatchery  
  13  0:50  Drone  
  13  0:53  Drone  
  15  1:12  Drone x2  
  15  1:13  Drone  
  18  1:33  Spawning Pool  
  17  1:45  Extractor  
  16  1:49  Drone x2  
  18  2:00  Hatchery  
  18  2:05  Drone x2  
  20  2:12  Drone  
  21  2:40  Extractor, Zergling x4  
  21  2:44  Overlord  
  22  2:58  Overlord  
  22  3:01  Metabolic Boost, Queen  
  24  3:11  Zergling x2  
  25  3:13  Queen  
  25  3:14  Drone  
  25  3:19  Zergling x2  
  29  3:24  Drone  
  30  3:27  Zergling x2  
  31  3:37  Drone  
  31  3:38  Zergling x2  
  33  3:49  Hatchery  
  33  3:52  Zergling x2  
  33  3:54  Drone  
  34  3:58  Drone  
  34  4:00  Lair  
  35  4:04  Zergling x2  
  35  4:07  Drone  
  37  4:11  Zergling x2  
  37  4:13  Overlord  
  37  4:16  Zergling x2  
  39  4:19  Drone  
  39  4:21  Zergling x2  
  41  4:28  Zergling x2  
  41  4:29  Zergling x4  
  44  4:38  Zergling x2  
  45  4:39  Zergling x4  
  47  4:47  Zergling x2  
  47  4:48  Zergling x2  
  48  4:58  Zergling x4  
  48  4:59  Zergling x4  
Show
View Real Time Build Order
Export as new Build Order

Massa Terran - Winner!

Build Orders:  

Get SALT Encoding   

  12  0:00  SCV  
  13  0:13  SCV  
  14  0:25  SCV  
  14  0:27  Supply Depot  
  15  0:38  Refinery  
  15  0:49  SCV  
  16  0:51  Barracks  
  16  1:16  SCV  
  17  1:28  SCV  
  18  1:40  SCV  
  18  1:41  Marine  
  20  1:49  Command Center  
  20  1:54  Factory  
  20  2:01  Reaper  
  21  2:16  Orbital Command  
  21  2:39  Barracks Reactor  
  21  2:41  Hellion  
  23  2:47  Barracks  
  23  2:57  Supply Depot  
  23  3:01  SCV  
  23  3:02  Hellion  
  23  3:03  Orbital Command  
  26  3:16  Marine x2  
  26  3:19  SCV  
  29  3:24  Hellion  
  31  3:29  SCV  
  31  3:32  SCV  
  33  3:34  Marine x2  
  35  4:00  Starport, Barracks Tech Lab  
  35  4:07  Hellion x2  
  39  4:10  Command Center  
  39  4:15  SCV  
  39  4:16  SCV  
  41  4:28  SCV x2  
  43  4:40  Hellion  
  45  4:47  Hellion  
  45  5:01  Hellion  
Show
View Real Time Build Order
Export as new Build Order

KäseKurt Protoss 

Build Orders:  

Get SALT Encoding   

  12  0:01  Probe  
  13  0:13  Probe  
  14  0:18  Pylon  
  14  0:25  Probe  
  15  0:40  Forge  
  15  0:43  Probe  
  16  1:23  Pylon  
  16  1:31  Pylon  
  16  1:33  Pylon  
  16  1:34  Pylon  
  16  1:44  Photon Cannon  
  16  1:53  Pylon  
  16  1:57  Probe  
  17  2:04  Gateway  
  17  2:29  Probe (Chrono Boost)  
  17  2:32  Assimilator  
  17  2:36  Assimilator  
  17  2:39  Probe (Chrono Boost)  
  17  2:40  Nexus  
  18  2:44  Probe (Chrono Boost)  
  18  2:51  Pylon  
  19  2:56  Probe (Chrono Boost)  
  19  2:58  Cybernetics Core  
  20  3:08  Probe (Chrono Boost)  
  21  3:14  Probe (Chrono Boost)  
  22  3:22  Probe  
  23  3:34  Probe  
  23  3:39  Stargate  
  24  3:46  Probe  
  25  3:52  Probe  
  26  3:59  Probe (Chrono Boost), Pylon  
  27  4:04  Probe (Chrono Boost)  
  27  4:07  Assimilator  
  28  4:11  Probe (Chrono Boost)  
  28  4:14  Stargate  
  28  4:15  Probe (Chrono Boost)  
  30  4:18  Probe (Chrono Boost)  
  30  4:20  Probe (Chrono Boost)  
  31  4:28  Probe  
  31  4:30  Probe  
  33  4:34  Photon Cannon  
  33  4:36  Photon Cannon  
  35  4:40  Probe  
  35  4:42  Probe  
  35  4:45  Oracle (Chrono Boost)  
  38  4:52  Probe  
  39  4:54  Probe  
  39  4:58  Photon Cannon  
  43  5:04  Probe  
  43  5:06  Probe  
Show
View Real Time Build Order
Export as new Build Order

RsTich Zerg 

Build Orders: Hatch First 

Get SALT Encoding   

  12  0:00  Drone  
  13  0:12  Overlord  
  13  0:20  Drone  
  14  0:31  Drone  
  14  0:32  Drone  
  14  0:34  Drone  
  17  0:52  Hatchery  
  17  0:55  Drone  
  18  1:04  Drone  
  18  1:09  Extractor  
  17  1:20  Drone x2, Spawning Pool  
  18  1:30  Drone  
  19  1:39  Overlord  
  19  1:50  Drone  
  20  2:02  Drone  
  20  2:06  Drone  
  20  2:07  Queen x2  
  26  2:11  Metabolic Boost  
  26  2:17  Zergling x4  
  26  2:21  Drone  
  29  2:34  Drone x2  
  31  2:37  Drone  
  32  2:51  Baneling Nest  
  31  2:52  Drone  
  31  2:53  Drone  
  31  2:54  Overlord  
  33  2:59  Hatchery  
  32  3:06  Overlord  
  32  3:07  Overlord  
  32  3:17  Drone  
  32  3:18  Drone  
  34  3:25  Drone x3  
  37  3:27  Drone x4  
  41  3:36  Zergling x2  
  41  3:37  Zergling x2  
  43  3:46  Zergling x2  
  44  3:48  Drone  
  45  3:59  Zergling x2  
  45  4:00  Zergling x10, Overlord  
  51  4:04  Extractor  
  51  4:06  Drone, Extractor  
  51  4:08  Drone  
  51  4:11  Drone  
  52  4:19  Drone x2  
  55  4:24  Zergling x2  
  54  4:37  Zergling x2  
  54  4:38  Zergling x12  
  54  4:46  Zergling x2  
  54  4:47  Zergling x4  
  54  4:51  Zergling x2  
  54  4:52  Zergling x2  
  54  4:58  Zergling x2  
  42  5:04  Zergling x2  
  42  5:05  Zergling x4  
Tags
 
Add a new tag
Caveats
  • Supply blocks, unpowered buildings, or Contaminate may cause inaccurate times.
  • Supply counts are checked every 10 seconds.